 Dungeon Crawl Stone Soup version 0.18-a0-965-g9200175 (webtiles) character file.

111 root the Shield-Bearer (level 4, -19/38 HPs)
             Began as a Demigod Fighter on Jan 1, 2016.
             Demolished by an ogre
             ... wielding a +0 giant club
              (22 damage)
             ... on level 2 of the Dungeon.
             The game lasted 00:05:23 (1533 turns).

root the Shield-Bearer (Demigod Fighter)            Turns: 1533, Time: 00:05:24

Health: -19/38     AC:  6    Str: 21    XL:     4   Next: 36%
Magic:  6/6        EV:  8    Int: 12    God:
Gold:   45         SH:  9    Dex: 15    Spells: 0 memorised, 3 levels left

rFire  . . .     SeeInvis .     a - +0 long sword
rCold  . . .     Gourm    .     b - +0 scale mail
rNeg   . . .     Faith    .     c - +0 shield
rPois  .         Spirit   .     (no helmet)
rElec  .         Dismiss  .     (no cloak)
rCorr  .         Reflect  .     (no gloves)
SustAt +         Harm     .     (no boots)
MR     .....                    (no amulet)
Stlth  ..........               (no ring)
                                (no ring)

@: not resistant to hostile enchantments, extremely unstealthy
A: high mp 1, sustain attributes
a: no special abilities


You were on level 2 of the Dungeon.
You were not hungry.

You visited 1 branch of the dungeon, and saw 2 of its levels.

You collected 45 gold pieces.

Inventory:

Hand Weapons
 a - a +0 long sword (weapon)
Armour
 b - a +0 scale mail (worn)
 c - a +0 shield (worn)
Scrolls
 g - a scroll of enchant weapon {unknown}
 h - a scroll of identify {unknown}
 i - a scroll of fog {unknown}
 k - a scroll of noise {unknown}
Potions
 d - a potion of might
 e - 2 potions of curing
 l - a potion of resistance {unknown}
 m - a potion of brilliance {unknown}
 n - a potion of agility {unknown}
Comestibles
 f - 2 bread rations
 j - a chunk of flesh


   Skills:
 + Level 3.3 Fighting
 + Level 2.2 Long Blades
 + Level 3.3 Armour
 + Level 1.0 Dodging
 + Level 3.5 Shields


You had 3 spell levels left.
You didn't know any spells.

Dungeon Overview and Level Annotations

Branches:
Dungeon (2/15)


Innate Abilities, Weirdness & Mutations

You have an increased reservoir of magic (+10% MP).
Your attributes are resistant to harm.


Message History

You slash the ogre!
The ogre is heavily wounded.
The ogre hits you with a giant club!!
Ouch! That really hurt!
* * * LOW HITPOINT WARNING * * *
You hit the ogre.
The ogre is heavily wounded.
The ogre closely misses you. You block the ogre's attack.
You hit the ogre but do no damage.
The ogre is heavily wounded.
You block the ogre's attack.
You barely miss the ogre.
The ogre is heavily wounded.
The ogre hits you with a giant club!
* * * LOW HITPOINT WARNING * * *
You slash the ogre!
The ogre is almost dead.
The ogre hits you with a giant club!!
Ouch! That really hurt!
You die...

#....♣.P.♣..P♣P§.♣.♣.# #.#..
#.##.♣.P..P♣....§§§♣§## #.### #.
#P)♣.♣PPP..♣.♣♣≈...# #.#.. #
#♣.P.P♣P.♣♣..♣♣P##.# #.#.#
#.♣P♣♣♣.♣...♣♣♣P#..# ####.#.#
###...♣.P.♣..P♣.#.####....#.#
##....♣.♣.....♣.....)<####.#
##...♣♣♣.♣♣.#♣♣♣.#.##..#....(
#.♣♣.....).#@#...#.....#.##..
#P..♣♣♣♣P.##O##♣.#..####..<## #.
#.......♣.#.(. ♣♣#...########
.....♣♣♣.♣♣..♣##(##♣ #.#......# #
####...P.♣.♣♣.♣#+#P♣♣#.#....#.###
#.♣§♣≈§..♣♣.♣#.P.♣#.#....#....
#..P.P♣...†P.P♣.P##.#..>.#####
##.§§P...#..#.....#.#.........
##.♣...###♣###♣♣...#.###.#..#


You could see an ogre.

Vanquished Creatures
  A gnoll (D:2)
  2 adders (D:1)
  4 river rats (D:2)
  2 giant geckos
  A ball python (D:2)
  4 bats
  2 giant cockroaches
  5 goblins
  9 hobgoblins
  4 jackals
  2 kobolds (D:1)
  7 giant newts
  3 rats
46 creatures vanquished.

Notes
Turn   | Place    | Note
--------------------------------------------------------------
     0 | D:1      | root the Demigod Fighter began the quest for the Orb.
     0 | D:1      | Reached XP level 1. HP: 18/18 MP: 3/3
   291 | D:1      | Reached skill level 3 in Fighting
   291 | D:1      | Reached XP level 2. HP: 23/26 MP: 4/4
   714 | D:1      | Reached XP level 3. HP: 25/31 MP: 5/5
  1245 | D:2      | Reached XP level 4. HP: 33/38 MP: 6/6
  1443 | D:2      | Reached skill level 1 in Dodging
  1521 | D:2      | Noticed an ogre
  1533 | D:2      | Demolished by an ogre

Vault maps used:
D:1:      eino_arrival_cavern_e, minmay_surrounded
D:2:      wad_woods_tower, first_bread

Action                   |  1- 3 |  4- 6 || total
-------------------------+-------+-------++-------
Melee: Long sword        |   146 |    33 ||   179
  Use: Potion            |     1 |       ||     1
  Eat: Chunk             |     1 |     1 ||     2
